 Dungeon Crawl Stone Soup version 0.31-a0-844-gdc52ec4e09 (webtiles) character file.

Game seed: 12555225770590938706

515 LeprechaunX the Changeling (level 7, 0/46 HPs)
             Began as an Octopode Shapeshifter on Sept 29, 2023.
             Slain by a wight
             ... wielding a +2 short sword of freezing
              (7 damage)
             ... on level 4 of the Dungeon.
             The game lasted 00:02:43 (2800 turns).

LeprechaunX the Changeling (Octopode Shapeshifter)  Turns: 2800, Time: 00:02:44

Health: 0/46       AC:  1    Str: 16    XL:     7   Next: 20%
Magic:  16/16      EV: 14    Int: 12    God:
Gold:   226        SH:  5    Dex: 11    Spells: 6/6 levels left

rFire   . . .        r - +2 short sword (vamp)
rCold   . . .        (no shield)
rNeg    . . .        (helmet currently unavailable)
rPois   .            g - amulet of reflection
rElec   .            k - ring of magical power
rCorr   .            (no ring)
SInv    .            (no ring)
Will    .....        (no ring)
Stlth   ++           (no ring)
HPRegen 0.27/turn    (no ring)
MPRegen 0.15/turn    (no ring)
                     (no ring)

%: reflection
@: beast-form
A: beast (slay +2), almost no armour, amphibious, 8 rings, camouflage 1,
gelatinous body 1, (nimble swimmer 1), tentacles
a: Begin Untransformation


You were on level 4 of the Dungeon.
You were a hulking beast.
You visited 1 branch of the dungeon, and saw 4 of its levels.

You collected 226 gold pieces.

Inventory:

Hand Weapons
 r - a +2 vampiric short sword (weapon)
Missiles
 j - 3 javelins
 m - 4 boomerangs
Jewellery
 g - an amulet of reflection (around mantle)
 k - a ring of magical power (left tentacle)
Talismans
 b - a beast talisman (active)
 c - a flux talisman
Wands
 q - a wand of charming (12)
Scrolls
 d - 3 scrolls of blinking {unknown}
 e - a scroll of summoning {unknown}
 f - 5 scrolls of identify {unknown}
 l - 2 scrolls of noise {unknown}
 n - a scroll of vulnerability {unknown}
 o - a scroll of revelation {unknown}
 p - a scroll of poison {unknown}
Potions
 a - a potion of lignification
 h - 3 potions of curing {unknown}
 i - a potion of might {unknown}
 s - a potion of heal wounds {unknown}


   Skills:
 + Level 3.2 Fighting
 + Level 3.7 Dodging
 + Level 4.4 Unarmed Combat
 * Level 5.2 Shapeshifting


You had 6 spell levels left.
You didn't know any spells.
Your spell library was empty.

Dungeon Overview and Level Annotations

Branches:
Dungeon (4/15)
 Temple: D:4-7

Altars:


Innate Abilities, Weirdness & Mutations

You are a hulking beast.
Your limbs bulge with bestial killing power. (Slay +2)
You cannot wear most types of armour.
You are amphibious.
You can wear up to eight rings at the same time.
Your skin changes colour to match your surroundings (Stealth+).
Your rubbery body absorbs attacks. (AC +1, EV +1)
((You are camouflaged when in or above water. (Stealth+)))
You have tentacles for arms and can constrict up to eight enemies at once.


Message History

You constrict the wight, but do no damage.
The wight barely misses you. You block the wight's attack.
You hit the wight. Your squeeze misses the wight.
The wight is almost destroyed.
You constrict the wight.
You destroy the wight!
You block the wight's attack.
Your life force feels restored.
You have reached level 7!
You barely miss the wight. You grab the wight. You squeeze the wight!
The wight is severely damaged.
You constrict the wight.
The wight hits you with a +2 short sword of freezing!
The wight freezes you. You block the wight's attack.
You are too injured to fight recklessly!
You are too injured to fight recklessly!
You are too injured to fight recklessly!
Unknown command.
You are too injured to fight recklessly!
You are too injured to fight recklessly!
You are too injured to fight recklessly!
You hit the wight but do no damage.
The wight is severely damaged.
You constrict the wight, but do no damage.
The wight completely misses you.
The wight hits you with a +2 short sword of freezing!
* * * LOW HITPOINT WARNING * * *
The wight freezes you.
* * * LOW HITPOINT WARNING * * *
You hit the wight but do no damage.
The wight is severely damaged.
You constrict the wight. The wight misses you. The wight barely misses you.
Unknown command.
You hit the wight.
You destroy the wight!
You block the wight's attack.
Unknown command.
You hit the wight but do no damage. Your grab misses the wight.
The wight hits you with a +2 short sword of freezing!
You die...

#.# ###### ### #.#
.>S.. ..# #.# #.#.#
#.# #.# ##.#.###.#
#.# #.....##.# #.#
#..#..##.# #.#
.#.##.)#..##.####.#
......zh..........#
###################


You could see a wight.

Vanquished Creatures
  A black bear (D:4)
  2 scorpions
  2 wights (D:4)
  A jelly (D:4)
  Terence (D:3)
  A sleepcap (D:4)
  2 gnolls (D:3)
  4 adders
  A worm (D:3)
  5 orcs
  8 endoplasms
  2 giant cockroaches
  4 goblins
  4 hobgoblins
  3 jackals (D:2)
  3 kobolds
  3 quokkas
  9 ball pythons
  4 bats
  4 frilled lizards
  7 rats
71 creatures vanquished.

Notes
Turn   | Place    | Note
-------+----------+-------------------------------------------
     0 | D:1      | LeprechaunX the Octopode Shapeshifter began the quest for
                  | the Orb.
     0 | D:1      | Reached XP level 1. HP: 13/13 MP: 1/1
   157 | D:1      | Reached XP level 2. HP: 11/18 MP: 2/2
   290 | D:1      | You fall into a shaft and drop 1 floor!
   928 | D:2      | Reached XP level 3. HP: 16/23 MP: 3/3
  1386 | D:3      | Found a faded altar of an unknown god.
  1405 | D:3      | Noticed Terence
  1413 | D:3      | Killed Terence
  1414 | D:3      | Reached XP level 4. HP: 21/29 MP: 4/4
  1591 | D:3      | Noticed a scorpion
  1598 | D:3      | Killed a scorpion
  1599 | D:3      | Reached skill level 4 in Shapeshifting
  1599 | D:3      | Reached XP level 5. HP: 14/34 MP: 5/5
  2306 | D:4      | Noticed a black bear
  2442 | D:4      | Reached XP level 6. HP: 41/41 MP: 6/6
  2549 | D:4      | Killed a black bear
  2642 | D:4      | Reached skill level 5 in Shapeshifting
  2796 | D:4      | Reached XP level 7. HP: 35/46 MP: 7/7
  2800 | D:4      | Slain by a wight

Illustrated notes

Levels and vault maps discovered:
D:1:      beargit_arrival_greenhouse, layout_basic
D:2:      layout_basic
D:3:      layout_basic, nicolae_ecumenical_pavilion,
          nicolae_elevator_lobby_asterisk, uniq_terence
D:4:      layout_loops_cross, uniq_eustachio

Skill      XL: |  1  2  3  4  5  6 |
---------------+-------------------+-----
Fighting       | 2 3 |  3.2
Shapeshifting  | 4 5 |  5.2
Dodging        | 3 |  3.7
Unarmed Combat | 4 |  4.4

Action                     |  1- 3 |  4- 6 |  7- 9 || total
---------------------------+-------+-------+-------++-------
  Melee: Unarmed           |    63 |    50 |       ||   113
         Constrict         |    15 |    19 |     1 ||    35
         Tentacles         |    11 |    14 |     1 ||    26
         Punch             |       |     2 |       ||     2
         Short sword       |       |    29 |     5 ||    34
   Stab: Sleeping          |     7 |     3 |       ||    10
         Distracted        |       |     1 |       ||     1
 Armour: Skin              |    21 |    36 |     3 ||    60
  Dodge: Dodged            |    21 |    38 |     3 ||    62
  Block: Other             |     9 |    23 |     2 ||    34
         Reflection        |       |     2 |       ||     2

Table legend: (Time is in decaauts)
 A = Elapsed time spent in this place.
 B = Non-inter-level travel time spent in this place.
 C = Inter-level travel time spent in this place.
 D = Time resting spent in this place.
 E = Time spent auto-exploring this place.
 F = Levels seen in this place.
 G = Mean time per level.
                   A        B        C        D        E       F      G
               +--------+--------+--------+--------+--------+-----+--------+
         Total |   2791 |   2594 |    197 |    135 |   1999 |   4 |  697.8 |
       Dungeon |   2791 |   2594 |    197 |    135 |   1999 |   4 |  697.8 |
               +--------+--------+--------+--------+--------+-----+--------+

Top non-repeatable levels by time:
     D:3: 902 daAuts
     D:1: 725 daAuts
     D:2: 656 daAuts
     D:4: 505 daAuts
